 Dungeon Crawl Stone Soup version 0.30-a0-1176-gcdfb0321a8 (webtiles) character file.

Game seed: 2343685718163349373

16758 FlurksSlurper the Skirmisher (level 12, -1/87 HPs)
             Began as a Demonspawn Brigand on Apr 30, 2023.
             Was an Initiate of Gozag.
             Slain by a large slime creature (29 damage)
             ... on level 12 of the Dungeon.
             The game lasted 00:36:52 (12948 turns).

FlurksSlurper the Skirmisher (Demonspawn Brigand)  Turns: 12948, Time: 00:36:52

Health: -1/87      AC:  7    Str: 11    XL:     12   Next: 12%
Magic:  19/19      EV: 23    Int: 19    God:    Gozag
Gold:   1062       SH:  0    Dex: 26    Spells: 17/21 levels left

rFire   + . .        a - +0 short sword (elec)
rCold   . . .        (no shield)
rNeg    . . .        n - +2 robe {rF+}
rPois   .            r - +2 helmet
rElec   .            v - scarf "Gimubidgh" {repulsion, Regen+}
rCorr   .            (no gloves)
SInv    .            (no boots)
Will    .....        (no amulet)
Stlth   ++++         o - +6 ring of dexterity
HPRegen 1.14/turn    z - +6 ring of dexterity
MPRegen 0.16/turn

%: repel missiles
@: agile
A: claws 2, repulsion field 1, powered by pain 1, demonic magic 1
a: Renounce Religion, Potion Petition, Call Merchant, Bribe Branch


You were on level 12 of the Dungeon.
You worshipped Gozag.
Gozag was most pleased with you.
You visited 1 branch of the dungeon, and saw 12 of its levels.

You collected 2581 gold pieces.
You spent 1479 gold pieces at shops.
You paid 40 gold pieces to Gozag.

Inventory:

Hand Weapons
 a - a +0 short sword of electrocution (weapon)
 b - a +0 triple crossbow
 q - a +1 whip of pain
 x - a +4 trident
 y - a +0 dagger of protection
 N - a +1 halberd of flaming
Missiles
 d - 24 poisoned darts (quivered)
 j - 9 boomerangs
 C - 2 javelins
Armour
 n - a +2 robe of fire resistance (worn)
 r - a +2 helmet (worn)
 v - the scarf "Gimubidgh" (worn) {repulsion, Regen+}
   (You bought it in a shop on level 6 of the Dungeon)

   Regen:     It increases your rate of health regeneration.
 M - a +2 scale mail of fire resistance
Magical Staves
 h - a staff of death
Jewellery
 o - a +6 ring of dexterity (left claw)
 w - a ring of poison resistance
 z - a +6 ring of dexterity (right claw)
 I - a ring of wizardry
Wands
 i - a wand of digging (7)
 m - a wand of iceblast (19)
 F - a wand of flame (33)
 G - a wand of paralysis (5)
Scrolls
 e - a scroll of fear
 f - 3 scrolls of vulnerability
 g - a scroll of enchant armour
 l - 5 scrolls of identify
 t - 2 scrolls of amnesia
 u - 2 scrolls of immolation
 B - 2 scrolls of blinking
 E - 2 scrolls of magic mapping
 L - 2 scrolls of teleportation
 Q - a scroll of summoning {unknown}
Potions
 c - a potion of might {unknown}
 k - a potion of mutation {unknown}
 p - 2 potions of invisibility
 s - 4 potions of flight
 A - a potion of ambrosia
 D - 2 potions of lignification
 H - 7 potions of curing
 J - a potion of experience {unknown}
 K - a potion of berserk rage {unknown}
 O - 2 potions of resistance
 P - 2 potions of heal wounds


   Skills:
 + Level 5.9 Fighting
 - Level 4.9 Short Blades
 - Level 1.4 Maces & Flails
 + Level 2.9 Polearms
 + Level 13.4 Ranged Weapons
 + Level 5.3 Throwing
 * Level 5.3 Armour
 + Level 5.3 Dodging
 + Level 6.4 Stealth
 - Level 0.3 Unarmed Combat
 * Level 5.0 Spellcasting
 * Level 2.4 Hexes
 + Level 4.1 Necromancy
 + Level 1.6 Evocations


You had 17 spell levels left.
You knew the following spells:

 Your Spells              Type           Power      Damage    Failure   Level
a - Anguish               Hex/Necr       8%         N/A       32%         4

Your spell library contained the following spells:

 Spells                   Type           Power      Damage    Failure   Level
 Tukima's Dance           Hex            14%        N/A       14%         3
 Portal Projectile        Hex/Tloc       18%        N/A       22%         3
 Ozocubu's Armour         Ice            4%         N/A       36%         3
 Metabolic Englaciation   Hex/Ice        4%         N/A       91%         5
 Blade Hands              Tmut           2%         N/A       98%         5
 Enfeeble                 Hex            7%         N/A       100%        7
 Simulacrum               Ice/Necr       Unusable   N/A       N/A         6

Dungeon Overview and Level Annotations

Branches:
Dungeon (12/15)            Temple (0/1) D:5            Lair (0/5) D:11
    Orc (0/2) D:12

Altars:
Ashenzari
Cheibriados
Dithmenos
Fedhas
Gozag
Nemelex Xobeh
Okawaru
Sif Muna
Vehumet
Wu Jian

Shops:
D:5 (   D:6 [   D:7 (   D:8 (


Innate Abilities, Weirdness & Mutations

You have very sharp fingernails.
You are surrounded by a mild repulsion field. (EV +2)
You sometimes gain a little power by taking damage.
Spells you cast may paralyse adjacent enemies.


Message History

You hit the large slime creature.
The large slime creature is heavily wounded.
The large slime creature closely misses you.
You hit the large slime creature.
The large slime creature is heavily wounded.
The large slime creature misses you.
You barely miss the large slime creature.
The large slime creature is heavily wounded.
You hit the large slime creature but do no damage.
The large slime creature is heavily wounded.
The large slime creature completely misses you.
You hit the large slime creature.
The large slime creature is severely wounded.
The large slime creature closely misses you.
You hit the large slime creature but do no damage.
The large slime creature is severely wounded.
The large slime creature hits you!
* * * LOW HITPOINT WARNING * * *
You hit the large slime creature.
The large slime creature is severely wounded.
You hit the large slime creature.
The large slime creature is severely wounded.
The large slime creature closely misses you.
You barely miss the large slime creature.
The large slime creature is severely wounded.
The large slime creature completely misses you.
You hit the large slime creature.
Lightning courses through the large slime creature!
The large slime creature is severely wounded.
The large slime creature completely misses you.
You hit the large slime creature.
The large slime creature is severely wounded.
The large slime creature barely misses you.
You hit the large slime creature.
The large slime creature is almost dead.
You hit the large slime creature. You claw the large slime creature.
The large slime creature is almost dead.
The large slime creature hits you!!
You die...
Your body crumbles into a pile of gold.

########.# #.##... ###
#..# #.# ####... ..# #..#
#.# ######## #... '## #..#
#.# #......#J #... ..#
#..# #.# #........ #...
..#####..#####.# #.#.#....
#...
...'...........###........
#...
...########.##..##.#.#....
#### ..(#
#....###.@J..(..... ....
##.# #.##.##..#######...
...# #.....#.## . ####
#.....#.# ...# #.....#.#
#... ##.## ##....#.# #...
....# ######.# #... ###.#
#.....# #... ###.##
#.##############+####...


You could see a large slime creature.

Vanquished Creatures
  2 boulder beetles
  3 two-headed ogres
  An ugly thing (D:11)
  2 manticores (D:11)
  An elephant (D:11)
  2 unseen horrors
  2 komodo dragons
  3 trolls
  4 slime creatures (D:12)
  2 shadows
  A vampire (D:11)
  25 yaks
  2 wraiths (D:12)
  2 wyverns
  2 vampire mosquitoes (D:11)
  A basilisk (D:12)
  3 steam dragons (D:8)
  3 acid dragons
  3 water moccasins
  Duvessa (D:7)
  3 orc warriors
  2 black bears (D:11)
  2 ice beasts
  An ogre (D:5)
  4 centaurs
  A phantom (D:5)
  A kobold brigand (D:4)
  2 bullfrogs
  3 scorpions
  4 necrophages (D:5)
  5 wights (D:7)
  Dowan (D:7)
  17 killer bees
  An electric eel (D:8)
  2 howler monkeys
  A centaur zombie (D:5)
  A bullfrog zombie (D:5)
  A jelly (D:3)
  3 hounds
  3 orc priests
  Jessica (D:2)
  Ijyb (D:3)
  Natasha (twice) (D:2)
  2 sleepcaps
  3 iguanas
  7 orc wizards
  7 adders
  7 gnolls
  A shadow imp (D:6)
  2 ufetubi
  7 worms
  5 dart slugs
  37 orcs
  9 endoplasms
  3 giant cockroaches
  18 goblins
  14 hobgoblins
  6 jackals
  2 quokkas
  4 ball pythons
  A bat (D:2)
  31 kobolds
  7 rats
  A bush (D:5)
301 creatures vanquished.

Vanquished Creatures (others)
  A bush (D:5)
  20 plants
21 creatures vanquished.

Grand Total: 322 creatures vanquished

Notes
Turn   | Place    | Note
-------+----------+-------------------------------------------
     0 | D:1      | FlurksSlurper the Demonspawn Brigand began the quest for
                  | the Orb.
     0 | D:1      | Reached XP level 1. HP: 16/16 MP: 1/1
   280 | D:1      | You fall into a shaft and drop 1 floor!
   838 | D:2      | Gained mutation: You are surrounded by a mild repulsion
                  | field. (EV +2) [demonic ancestry]
   838 | D:2      | Reached XP level 2. HP: 22/22 MP: 2/2
   990 | D:2      | Reached skill level 1 in Dodging
  1061 | D:2      | Reached XP level 3. HP: 27/27 MP: 3/3
  1164 | D:2      | Noticed Natasha
  1171 | D:2      | Killed Natasha
  1185 | D:2      | Noticed Jessica
  1190 | D:2      | Killed Jessica
  1191 | D:2      | Reached skill level 1 in Armour
  1191 | D:2      | Gained mutation: You sometimes gain a little power by
                  | taking damage. [demonic ancestry]
  1191 | D:2      | Reached XP level 4. HP: 28/33 MP: 4/4
  1313 | D:2      | Found a faded altar of an unknown god.
  1343 | D:2      | Reached skill level 1 in Polearms
  1657 | D:2      | Gained mutation: Spells you cast may paralyse adjacent
                  | enemies. [demonic ancestry]
  1657 | D:2      | Reached XP level 5. HP: 39/39 MP: 5/5
  1725 | D:2      | Noticed Natasha
  1729 | D:2      | Killed Natasha
  2052 | D:3      | Found an opulent altar of Gozag.
  2054 | D:3      | Found an ornate altar of the Wu Jian Council.
  2083 | D:3      | Became a worshipper of Gozag Ym Sagoz the Greedy
  2156 | D:3      | Found a shimmering blue altar of Sif Muna.
  2621 | D:3      | Noticed Ijyb
  2623 | D:3      | Paralysed by Ijyb for 5 turns
  2633 | D:3      | Killed Ijyb
  2783 | D:3      | Reached skill level 1 in Necromancy
  2799 | D:3      | Found an iron altar of Okawaru.
  2968 | D:4      | Reached XP level 6. HP: 46/46 MP: 7/7
  3736 | D:4      | Reached skill level 1 in Spellcasting
  4231 | D:5      | Entered Level 5 of the Dungeon
  4346 | D:5      | Reached XP level 7. HP: 35/52 MP: 7/9
  4445 | D:5      | Found a staircase to the Ecumenical Temple.
  4459 | D:5      | Reached skill level 1 in Maces & Flails
  4469 | D:5      | Found Gomoxaqo's Hydra Hut.
  4473 | D:5      | Noticed an eight-headed hydra
  4862 | D:5      | Reached skill level 5 in Stealth
  5281 | D:5      | Found a blossoming altar of Fedhas.
  5409 | D:5      | Gained mutation: You have sharp fingernails. [demonic
                  | ancestry]
  5409 | D:5      | Reached XP level 8. HP: 53/58 MP: 11/11
  5791 | D:6      | Found Ravan's Armour Boutique.
  5798 | D:6      | Bought the scarf "Gimubidgh" {repulsion, Regen+} for 255
                  | gold pieces
  6698 | D:7      | Reached XP level 9. HP: 15/65 MP: 13/13
  6820 | D:7      | Found Ojidu's Firing Range.
  7062 | D:7      | Noticed Duvessa
  7062 | D:7      | Noticed Dowan
  7069 | D:7      | Killed Dowan
  7073 | D:7      | Killed Duvessa
  7331 | D:7      | Found a shadowy altar of Dithmenos.
  7559 | D:8      | Reached skill level 5 in Fighting
  7705 | D:8      | Reached XP level 10. HP: 72/74 MP: 16/16
  7809 | D:8      | Found a sparkling altar of Nemelex Xobeh.
  7922 | D:8      | Reached skill level 1 in Evocations
  8027 | D:8      | Found Xeraedun's Antique Weapon Boutique.
  8187 | D:7      | Bought a manual of Ranged Weapons for 960 gold pieces
  8187 | D:7      | Bought a +0 triple crossbow for 120 gold pieces
  8187 | D:7      | Bought 6 boomerangs for 144 gold pieces
  8425 | D:8      | Reached skill level 1 in Ranged Weapons
  8487 | D:8      | Reached skill level 2 in Ranged Weapons
  8511 | D:9      | Reached skill level 3 in Ranged Weapons
  8585 | D:9      | Reached skill level 4 in Ranged Weapons
  8674 | D:9      | Found a snail-covered altar of Cheibriados.
  8677 | D:9      | Reached skill level 5 in Ranged Weapons
  8841 | D:9      | Found a broken altar of Ashenzari.
  8872 | D:9      | Reached skill level 6 in Ranged Weapons
  8929 | D:9      | Found a radiant altar of Vehumet.
  9003 | D:10     | Entered Level 10 of the Dungeon
  9018 | D:9      | Reached skill level 7 in Ranged Weapons
  9593 | D:10     | Reached skill level 8 in Ranged Weapons
  9596 | D:10     | Reached skill level 9 in Ranged Weapons
  9708 | D:9      | Reached skill level 10 in Ranged Weapons
 10418 | D:10     | Noticed a two-headed ogre
 10441 | D:10     | Killed a two-headed ogre
 10442 | D:10     | Reached skill level 11 in Ranged Weapons
 10442 | D:10     | Gained mutation: You have very sharp fingernails. [demonic
                  | ancestry]
 10442 | D:10     | Reached XP level 11. HP: 80/80 MP: 17/17
 10815 | D:11     | Found a staircase to the Lair.
 10907 | D:11     | Reached skill level 12 in Ranged Weapons
 10932 | D:11     | Noticed a cyan ugly thing
 10956 | D:11     | HP: 3/80 [cyan ugly thing (16)]
 10957 | D:11     | Killed a cyan ugly thing
 11629 | D:11     | Learned a level 4 spell: Anguish
 11679 | D:11     | Noticed a two-headed ogre
 11688 | D:11     | Killed a two-headed ogre
 11923 | D:11     | Reached skill level 5 in Dodging
 11957 | D:11     | Reached skill level 1 in Hexes
 12054 | D:11     | Noticed a boulder beetle
 12063 | D:11     | Killed a boulder beetle
 12064 | D:11     | Reached skill level 13 in Ranged Weapons
 12076 | D:11     | Reached skill level 5 in Throwing
 12090 | D:11     | Reached skill level 5 in Armour
 12488 | D:12     | Noticed a two-headed ogre
 12493 | D:12     | Killed a two-headed ogre
 12600 | D:12     | Found a staircase to the Orcish Mines.
 12623 | D:12     | Reached XP level 12. HP: 87/87 MP: 19/19
 12659 | D:12     | Noticed a boulder beetle
 12667 | D:12     | Killed a boulder beetle
 12892 | D:12     | Reached skill level 5 in Spellcasting
 12948 | D:12     | Slain by a large slime creature

Illustrated notes

Levels and vault maps discovered:
D:1:      dpeg_arrival_solitude, layout_loops_ring
D:2:      layout_basic, shapermc_ecumenical_altar_hornbeckon,
          hangedman_decor_slide_cut, uniq_natasha, uniq_jessica
D:3:      layout_basic, mainiacjoe_overflow_alcove_1, okawaru_altar_gauntlet_db,
          nicolae_sif_muna_condensation, mainiacjoe_overflow_catwalk_spiral,
          uniq_ijyb
D:4:      kennysheep_kobold_camp, layout_rooms, lemuel_doored_altar
D:5:      layout_layer_cave, fedhas_altar_decomposition,
          minmay_temple_entry_overgrown, grunt_ministairs_10,
          doesnt_shop_hydraphobe
D:6:      corexii_shantytown, layout_loops_ring, serial_shops,
          nicolae_shop_crystal, serial_bayou_pond_a
D:7:      layout_basic, kennysheep_mini_moat, nicolae_shop_firing_range,
          uniq_duvessa
D:8:      layout_basic, nemelex_spade_bored_becter,
          nicolae_overflow_hidden_temple, serial_shops, nicolae_shop_waterfront,
          kennysheep_generic_room_4
D:9:      layout_cave_pools, kennysheep_mini, mainiacjoe_overflow_catwalk,
          evilmike_ruin_ashenzari
D:10:     layout_grid_maze
D:11:     layout_stronghold, david_lair_generic, serial_column_ruins,
          column_ruins_pillar_1, column_ruins_pillar_9, column_ruins_pillar_3,
          column_ruins_pillar_9, column_ruins_pillar_3, column_ruins_pillar_1,
          column_ruins_pillar_11, column_ruins_pillar_1, column_ruins_pillar_2,
          column_ruins_pillar_11, column_ruins_pillar_9, column_ruins_pillar_4,
          column_ruins_pillar_1, column_ruins_pillar_1, column_ruins_pillar_3,
          column_ruins_pillar_5, column_ruins_pillar_3, column_ruins_pillar_2,
          column_ruins_pillar_10, column_ruins_pillar_1,
          amcnicky_mini_pool_medium
D:12:     layout_roguey, orc_0_dummy, serial_co_window_serial,
          co_window_of_opportunity_a, co_window_paths_b, co_window_paths_a,
          co_window_paths_b, co_window_paths_a, co_window_paths_b,
          co_window_corner_a, co_window_paths_a, co_window_paths_a,
          co_window_cross_2, co_window_unsneaky_path_c, co_window_paths_c,
          co_window_broadway_b, co_window_unsneaky_path_c,
          co_window_unsneaky_path_d, glass_columns_a, glass_columns_a,
          glass_columns_a, glass_columns_c

Skill      XL: |  1  2  3  4  5  6  7  8  9 10 11 12 |
---------------+-------------------------------------+-----
Stealth        | 4 5 6 |  6.4
Dodging        | 1 2 3 4 5 |  5.3
Throwing       | 2 3 4 5 |  5.3
Short Blades   | 2 4 |  4.9
Armour         | 1 2 3 4 5 |  5.3
Polearms       | 1 2 |  2.9
Necromancy     | 1 2 4 |  4.1
Spellcasting   | 1 2 4 5 |  5.0
Fighting       | 3 4 5 |  5.9
Maces & Flails | 1 |  1.4
Evocations     | 1 |  1.6
Ranged Weapons | 11 13 | 13.4
Hexes          | 2 |  2.4
Unarmed Combat | |  0.3

Action                     |  1- 3 |  4- 6 |  7- 9 | 10-12 || total
---------------------------+-------+-------+-------+-------++-------
  Melee: Dagger            |    14 |       |       |       ||    14
         Trident           |    69 |   200 |       |       ||   269
         Punch             |       |     7 |     3 |    12 ||    22
         Whip              |       |    48 |       |       ||    48
         Short sword       |       |    29 |   350 |   338 ||   717
   Fire: Triple crossbow   |       |       |       |   143 ||   143
  Throw: Dart              |     3 |    14 |    19 |    52 ||    88
  Evoke: Wand              |       |       |     7 |    10 ||    17
    Use: Scroll            |       |       |    13 |     4 ||    17
         Potion            |       |       |     7 |     2 ||     9
   Stab: Sleeping          |     3 |     3 |    18 |     1 ||    25
         Distracted        |       |     7 |     2 |     3 ||    12
         Invisible         |       |       |     5 |       ||     5
         Paralysed         |       |       |     1 |       ||     1
 Armour: Ring mail         |    43 |     1 |       |       ||    44
         Robe              |       |    82 |    91 |    92 ||   265
  Dodge: Dodged            |    82 |   192 |   354 |   342 ||   970
         Repelled          |       |       |       |     4 ||     4

Table legend: (Time is in decaauts)
 A = Elapsed time spent in this place.
 B = Non-inter-level travel time spent in this place.
 C = Inter-level travel time spent in this place.
 D = Time resting spent in this place.
 E = Time spent auto-exploring this place.
 F = Levels seen in this place.
 G = Mean time per level.
                   A        B        C        D        E       F      G
               +--------+--------+--------+--------+--------+-----+--------+
         Total |  12928 |  12460 |    468 |    723 |   8455 |  12 | 1077.3 |
       Dungeon |  12928 |  12460 |    468 |    723 |   8455 |  12 | 1077.3 |
               +--------+--------+--------+--------+--------+-----+--------+

Top non-repeatable levels by time:
    D:11: 1473 daAuts
    D:10: 1415 daAuts
     D:4: 1288 daAuts
     D:5: 1252 daAuts
     D:3: 1177 daAuts
     D:6: 1055 daAuts
     D:2: 1029 daAuts
     D:8: 968 daAuts
     D:9: 907 daAuts
     D:1: 823 daAuts
     D:7: 810 daAuts
    D:12: 725 daAuts
